SAA
HUNTINGTON BEACH SURF @ CHESAPEAKE CONTINENTALS
09/15/2019
 
TOP OF THE 1ST
Huntington Beach Surf batting - Pitching for Chesapeake Continentals : RHP Aurelio López
Pitching: RHP Aurelio López
Batting: RHB Warner Robinson 0-0: Ball
1-0: Foul Ball, location: 2F
1-1: Ball
2-1: Bunt for hit - play at first, batter OUT! 2-3
Batting: RHB Albert Morales 0-0: Ground out 3-1 (Groundball, 34)
Batting: LHB Bartolo Benítez 0-0: Ball
1-0: Foul Ball, location: 2F
1-1: Ball
2-1: SINGLE (Groundball, 25) (infield hit)
Batting: RHB Juan García 0-0: Foul Ball, location: 2F
0-1: Called Strike
0-2: Ball
1-2: Strikes out swinging
Top of the 1st over - 0 run(s), 1 hit(s), 0 error(s), 1 left on base; Huntington Beach 0 - Chesapeake 0
BOTTOM OF THE 1ST
Chesapeake Continentals batting - Pitching for Huntington Beach Surf : RHP Ricardo DePay
Pitching: RHP Ricardo DePay
Batting: RHB Gustavo Varela 0-0: Ball
1-0: Foul Ball, location: 2F
1-1: Foul Ball, location: 2F
1-2: Ball
2-2: DOUBLE (Line Drive, 7LS)
Batting: RHB Jonah Moody 0-0: Ball
Gustavo Varela steals 3rd base
1-0: Called Strike
1-1: Ball
2-1: Ball
3-1: Base on Balls
Batting: RHB Brandon Reed 0-0: Foul Ball, location: 2F
0-1: Ball
1-1: Swinging Strike
1-2: Ball
2-2: Foul Ball, location: 2F
2-2: Foul Ball, location: 2F
2-2: Foul Ball, location: 2F
2-2: Foul Ball, location: 2F
2-2: Foul Ball, location: 2F
2-2: Ball
3-2: Foul Ball, location: 2F
3-2: Foul Ball, location: 2F
3-2: Fly out, F8 (Flyball, 78M)
Runner from 3rd tags up, SCORES, no throw
Batting: RHB Roger Lakes 0-0: Called Strike
0-1: Reached on Error, E4 (Popup, 34)
Jonah Moody to second
Batting: SHB Jesús Cabañe 0-0: Ball
1-0: SINGLE (Groundball, 4M)
Jonah Moody to third
Roger Lakes to second
Runner from 3rd tries for Home, SAFE, no throw or cutoff
Batting: LHB Thomas Campbell 0-0: Ball
1-0: Foul Ball, location: 2F
1-1: Called Strike
1-2: SINGLE (Groundball, 34S)
Roger Lakes to third
Jesús Cabañe to second
Runner from 3rd tries for Home, SAFE, no throw or cutoff
Batting: SHB Dominique Prost 0-0: Ball
1-0: Fly out, F8 (Flyball, 8LXD)
Runner from 2nd tags up, SAFE at 3rd, no throw
Batting: RHB Gil Nichols 0-0: Ball
1-0: Ball
2-0: Ball
3-0: Base on Balls
Thomas Campbell to second
Batting: RHB Walter Hurlson 0-0: Ball
1-0: Fly out, F8 (Line Drive, 8LM)
Bottom of the 1st over - 3 run(s), 3 hit(s), 1 error(s), 3 left on base; Huntington Beach 0 - Chesapeake 3
TOP OF THE 2ND
Huntington Beach Surf batting - Pitching for Chesapeake Continentals : RHP Aurelio López
Batting: LHB Terry Johnson 0-0: Ball
1-0: Ball
2-0: Ball
3-0: Base on Balls
Batting: RHB Dave Young 0-0: Called Strike
0-1: Ball
1-1: Ball
2-1: Foul Ball, location: 2F
2-2: Fly out, F8 (Flyball, 8LM)
Batting: RHB Austin Henderson 0-0: Ball
1-0: Ball
2-0: Ball
3-0: Called Strike
3-1: Swinging Strike
3-2: SINGLE (Line Drive, 9LM)
Terry Johnson to second
Runner from 2nd tries for 3rd, OUT!
Austin Henderson to second
Batting: RHB Mike Burns 0-0: Ball
1-0: Called Strike
1-1: Foul Ball, location: 2F
1-2: Ball
2-2: Ball
3-2: Ground out 4-3 (Groundball, 4)
Top of the 2nd over - 0 run(s), 1 hit(s), 0 error(s), 1 left on base; Huntington Beach 0 - Chesapeake 3
BOTTOM OF THE 2ND
Chesapeake Continentals batting - Pitching for Huntington Beach Surf : RHP Ricardo DePay
Batting: RHB Gustavo Varela 0-0: Called Strike
0-1: Ball
1-1: Foul Ball, location: 2F
1-2: Foul Ball, location: 2F
1-2: Ground out 5-3 (Groundball, 5L)
Batting: RHB Jonah Moody 0-0: Ball
1-0: Foul Ball, location: 2F
1-1: Ball
2-1: Called Strike
2-2: Foul Ball, location: 2F
2-2: Ball
3-2: Base on Balls
Batting: RHB Brandon Reed 0-0: Called Strike
Jonah Moody steals 2nd base
0-1: Ball
1-1: SINGLE (Groundball, 6MD)
Jonah Moody to third
Runner from 3rd tries for Home, SAFE, throw made home
Batting: RHB Roger Lakes 0-0: Foul Ball, location: 2F
0-1: SINGLE (Groundball, 4M)
Brandon Reed to second
Batting: SHB Jesús Cabañe 0-0: Ball
1-0: Grounds into double play, 1-4-3 (Groundball, 13)
Bottom of the 2nd over - 1 run(s), 2 hit(s), 0 error(s), 1 left on base; Huntington Beach 0 - Chesapeake 4
TOP OF THE 3RD
Huntington Beach Surf batting - Pitching for Chesapeake Continentals : RHP Aurelio López
Batting: RHB Phil Baker 0-0: Ball
1-0: Ball
2-0: Foul Ball, location: 2F
2-1: Called Strike
2-2: Ball
3-2: Base on Balls
Batting: RHB Warner Robinson 0-0: Foul Ball, location: 2F
0-1: Ball
1-1: Foul Ball, location: 2F
1-2: Strikes out swinging
Batting: RHB Albert Morales 0-0: Ball
1-0: SINGLE (Line Drive, 8RS)
Phil Baker to second
Batting: LHB Bartolo Benítez 0-0: Ball
1-0: Ball
2-0: Ball
3-0: Called Strike
3-1: SINGLE (Line Drive, 56D)
Phil Baker to third
Albert Morales to second
Runner from 3rd tries for Home, SAFE, throw made home
Batting: RHB Juan García 0-0: Called Strike
0-1: Foul Ball, location: 2F
0-2: Foul Ball, location: 2F
0-2: Ball
1-2: Strikes out swinging
Batting: LHB Terry Johnson 0-0: Ground out U3 (Groundball, 3S)
Top of the 3rd over - 1 run(s), 2 hit(s), 0 error(s), 2 left on base; Huntington Beach 1 - Chesapeake 4
BOTTOM OF THE 3RD
Chesapeake Continentals batting - Pitching for Huntington Beach Surf : RHP Ricardo DePay
Batting: LHB Thomas Campbell 0-0: Ball
1-0: Called Strike
1-1: Ball
2-1: Fly out, F7 (Flyball, 7M)
Batting: SHB Dominique Prost 0-0: Ground out 4-3 (Groundball, 4)
Batting: RHB Gil Nichols 0-0: Called Strike
0-1: Ball
1-1: Ball
2-1: Ball
3-1: Base on Balls
Batting: RHB Walter Hurlson 0-0: Ball
Wild Pitch!
Gil Nichols to second
1-0: Foul Ball, location: 2F
1-1: Ball
2-1: Foul Ball, location: 2F
2-2: SINGLE (Line Drive, 7LS)
Gil Nichols to third
Batting: RHB Gustavo Varela 0-0: Ground out 5-3 (Groundball, 5)
Bottom of the 3rd over - 0 run(s), 1 hit(s), 0 error(s), 2 left on base; Huntington Beach 1 - Chesapeake 4
TOP OF THE 4TH
Huntington Beach Surf batting - Pitching for Chesapeake Continentals : RHP Aurelio López
Batting: RHB Dave Young 0-0: Called Strike
0-1: Ball
1-1: Swinging Strike
1-2: DOUBLE (Groundball, 5L)
Batting: RHB Austin Henderson 0-0: Ball
1-0: Called Strike
1-1: Ball
2-1: Ground out 6-3 (Groundball, 6)
Batting: RHB Mike Burns 0-0: Called Strike
0-1: Ball
1-1: Ball
2-1: Called Strike
2-2: Ball
3-2: Base on Balls
Batting: RHB Phil Baker 0-0: 3-RUN HOME RUN (Flyball, 7D), Distance : 400 ft
Batting: RHB Warner Robinson 0-0: Swinging Strike
0-1: Foul Ball, location: 2F
0-2: Strikes out swinging
Batting: RHB Albert Morales 0-0: Called Strike
0-1: Called Strike
0-2: Ball
1-2: Foul Ball, location: 2F
1-2: Ball
2-2: Strikes out swinging
Top of the 4th over - 3 run(s), 2 hit(s), 0 error(s), 0 left on base; Huntington Beach 4 - Chesapeake 4
BOTTOM OF THE 4TH
Chesapeake Continentals batting - Pitching for Huntington Beach Surf : RHP Ricardo DePay
Batting: RHB Jonah Moody 0-0: Reached on error, E6 (Groundball, 6)
Batting: RHB Brandon Reed 0-0: Ball
1-0: Called Strike
1-1: SINGLE (Flyball, 7LM)
Jonah Moody to third
Batting: RHB Roger Lakes 0-0: Ball
1-0: Called Strike
1-1: Ball
Wild Pitch!
Jonah Moody scores
Brandon Reed to second
2-1: Ball
3-1: Foul Ball, location: 2F
3-2: Foul Ball, location: 2F
3-2: Strikes out swinging
Batting: SHB Jesús Cabañe 0-0: Foul Ball, location: 2F
0-1: Foul Ball, location: 2F
0-2: Ball
1-2: Strikes out swinging
Pitching: LHP José Castaneda
Batting: LHB Thomas Campbell 0-0: Called Strike
0-1: Ball
1-1: Swinging Strike
1-2: Strikes out looking
Bottom of the 4th over - 1 run(s), 1 hit(s), 1 error(s), 1 left on base; Huntington Beach 4 - Chesapeake 5
TOP OF THE 5TH
Huntington Beach Surf batting - Pitching for Chesapeake Continentals : RHP Aurelio López
Batting: LHB Bartolo Benítez 0-0: Called Strike
0-1: Foul Ball, location: 2F
0-2: Strikes out swinging
Batting: RHB Juan García 0-0: Ball
1-0: Foul Ball, location: 2F
1-1: Ball
2-1: Ball
3-1: Base on Balls
Batting: LHB Terry Johnson 0-0: Called Strike
0-1: Foul Ball, location: 2F
0-2: Ball
1-2: Grounds into double play, 4-6-3 (Groundball, 34)
Top of the 5th over - 0 run(s), 0 hit(s), 0 error(s), 0 left on base; Huntington Beach 4 - Chesapeake 5
BOTTOM OF THE 5TH
Chesapeake Continentals batting - Pitching for Huntington Beach Surf : LHP José Castaneda
Batting: SHB Dominique Prost 0-0: Ball
1-0: Called Strike
1-1: Ball
2-1: Swinging Strike
2-2: SINGLE (Line Drive, 89M)
Batting: RHB Gil Nichols 0-0: Ball
1-0: Ball
2-0: Sac Bunt - play at first, batter OUT! 6-4
Dominique Prost to second
Batting: RHB Walter Hurlson 0-0: Ball
1-0: Ball
2-0: SINGLE (Line Drive, 6MD)
Dominique Prost to third
Batting: RHB Gustavo Varela 0-0: Swinging Strike
0-1: Foul Ball, location: 2F
0-2: Strikes out swinging
Batting: RHB Jonah Moody 0-0: Ball
1-0: Foul Ball, location: 2F
1-1: Foul Ball, location: 2F
1-2: Foul Ball, location: 2F
1-2: Ball
2-2: Foul Ball, location: 2F
2-2: Ground out 5-3 (Groundball, 56S)
Bottom of the 5th over - 0 run(s), 2 hit(s), 0 error(s), 2 left on base; Huntington Beach 4 - Chesapeake 5
TOP OF THE 6TH
Huntington Beach Surf batting - Pitching for Chesapeake Continentals : RHP Aurelio López
Batting: RHB Dave Young 0-0: Ball
1-0: Ball
2-0: Called Strike
2-1: SINGLE (Line Drive, 7LS)
Batting: RHB Austin Henderson 0-0: Swinging Strike
0-1: Ground out 5-3 (Groundball, 5S)
Dave Young to second
Batting: RHB Mike Burns 0-0: Called Strike
0-1: Ball
1-1: Ground out 5-3 (Groundball, 5L)
Batting: RHB Phil Baker 0-0: Ball
1-0: Ball
2-0: Ball
3-0: Foul Ball, location: 2F
3-1: Fly out, F8 (Flyball, 8RM)
Top of the 6th over - 0 run(s), 1 hit(s), 0 error(s), 1 left on base; Huntington Beach 4 - Chesapeake 5
BOTTOM OF THE 6TH
Chesapeake Continentals batting - Pitching for Huntington Beach Surf : LHP José Castaneda
Batting: RHB Brandon Reed 0-0: Foul Ball, location: 2F
0-1: Ball
1-1: Ball
2-1: Foul Ball, location: 2F
2-2: Ball
3-2: Ground out 5-3 (Groundball, 5L)
Pitching: RHP Pat Pérez
Batting: RHB Roger Lakes 0-0: SINGLE (Groundball, 34S)
Batting: SHB Jesús Cabañe 0-0: Ball
1-0: Ball
2-0: Fly out, F2 (Popup, 25F)
Batting: LHB Thomas Campbell 0-0: Called Strike
0-1: Ball
1-1: DOUBLE (Line Drive, 89D)
Roger Lakes to third
Runner from 3rd tries for Home, SAFE, no throw or cutoff
Batting: SHB Dominique Prost 0-0: Called Strike
0-1: Foul Ball, location: 2F
0-2: Foul Ball, location: 2F
0-2: Ball
1-2: Ball
2-2: Foul Ball, location: 2F
2-2: Ground out 4-3 (Groundball, 4M)
Bottom of the 6th over - 1 run(s), 2 hit(s), 0 error(s), 1 left on base; Huntington Beach 4 - Chesapeake 6
TOP OF THE 7TH
Huntington Beach Surf batting - Pitching for Chesapeake Continentals : RHP Aurelio López
Batting: RHB Warner Robinson 0-0: Foul Ball, location: 2F
0-1: SINGLE (Line Drive, 6MD)
Pitching: RHP Andrew Webster
Batting: RHB Albert Morales 0-0: Ball
1-0: Ball
2-0: Ball
3-0: Base on Balls
Warner Robinson to second
Batting: LHB Bartolo Benítez 0-0: Foul Ball, location: 2F
0-1: Called Strike
0-2: Fielders Choice at 2nd, 1-6 (Groundball, 15S)
Warner Robinson to third
Pinch Hitting: SHB José Juárez 0-0: Called Strike
0-1: Fly out, F8 (Flyball, 8LD)
Runner from 3rd tags up, SCORES, no throw
Pinch Hitting: RHB Jim Unknown 0-0: Swinging Strike
0-1: Ball
1-1: Ground out 4-3 (Groundball, 4)
Top of the 7th over - 1 run(s), 1 hit(s), 0 error(s), 1 left on base; Huntington Beach 5 - Chesapeake 6
BOTTOM OF THE 7TH
Chesapeake Continentals batting - Pitching for Huntington Beach Surf : RHP Pat Pérez
Now at SS: Keith Hatch
Now in RF: Jim Unknown
Batting: RHB Gil Nichols 0-0: Swinging Strike
0-1: SINGLE (Line Drive, 8LS)
Batting: RHB Walter Hurlson 0-0: Ball
1-0: Reached on error, E5 (Groundball, 5S)
Gil Nichols to third
Pinch Hitting: RHB Mike Peterson 0-0: Swinging Strike
0-1: Swinging Strike
0-2: Ball
1-2: Ball
2-2: Strikes out swinging
Batting: RHB Jonah Moody 0-0: Ball
1-0: Fly out, F9 (Flyball, 9LM)
Runner from 3rd tags up, SCORES, no throw
Batting: RHB Brandon Reed 0-0: Ball
1-0: Swinging Strike
1-1: Called Strike
1-2: Ball
2-2: Strikes out swinging
Bottom of the 7th over - 1 run(s), 1 hit(s), 1 error(s), 1 left on base; Huntington Beach 5 - Chesapeake 7
TOP OF THE 8TH
Huntington Beach Surf batting - Pitching for Chesapeake Continentals : RHP Andrew Webster
Now at C: Tim Roberts
Now at SS: Pablo Vázquez
Now in LF: Jim Unknown
Batting: RHB Dave Young 0-0: Foul Ball, location: 2F
0-1: Foul Ball, location: 2F
0-2: Foul Ball, location: 2F
0-2: Ball
1-2: Strikes out swinging
Batting: RHB Austin Henderson 0-0: Ball
1-0: Ball
2-0: Ball
3-0: Base on Balls
Pitching: RHP Tom Sosa
Batting: RHB Mike Burns 0-0: Fly out, F8 (Flyball, 89S)
Batting: RHB Phil Baker 0-0: Ball
1-0: Ball
2-0: DOUBLE (Line Drive, 8LD)
Austin Henderson to third
Runner from 3rd tries for Home, SAFE, no throw or cutoff
Batting: RHB Warner Robinson 0-0: Called Strike
0-1: Ball
1-1: Fly out, F9 (Flyball, 9D)
Top of the 8th over - 1 run(s), 1 hit(s), 0 error(s), 1 left on base; Huntington Beach 6 - Chesapeake 7
BOTTOM OF THE 8TH
Chesapeake Continentals batting - Pitching for Huntington Beach Surf : RHP Pat Pérez
Batting: RHB Roger Lakes 0-0: Called Strike
0-1: Ball
1-1: Foul Ball, location: 2F
1-2: Ground out 4-3 (Groundball, 4M)
Pitching: RHP Anthony Snyder
Batting: SHB Pablo Vázquez 0-0: Called Strike
0-1: Ground out 4-3 (Groundball, 4M)
Batting: LHB Thomas Campbell 0-0: Ball
1-0: Ball
2-0: Fly out, F6 (Popup, 56)
Bottom of the 8th over - 0 run(s), 0 hit(s), 0 error(s), 0 left on base; Huntington Beach 6 - Chesapeake 7
TOP OF THE 9TH
Huntington Beach Surf batting - Pitching for Chesapeake Continentals : RHP Tom Sosa
Pitching: RHP Carlos Guzmán
Batting: RHB Albert Morales 0-0: Ball
1-0: Ball
2-0: Called Strike
2-1: Swinging Strike
2-2: Ball
3-2: Strikes out swinging
Batting: LHB Bartolo Benítez 0-0: Swinging Strike
0-1: Called Strike
0-2: Foul Ball, location: 2F
0-2: Foul Ball, location: 2F
0-2: Ball
1-2: Foul Ball, location: 2F
1-2: Foul Ball, location: 2F
1-2: Ball
2-2: Foul Ball, location: 2F
2-2: Ball
3-2: Strikes out looking
Batting: RHB Keith Hatch 0-0: Ball
1-0: Foul Ball, location: 2F
1-1: Swinging Strike
1-2: Foul Ball, location: 2F
1-2: Ball
2-2: Foul Ball, location: 2F
2-2: Strikes out swinging
Top of the 9th over - 0 run(s), 0 hit(s), 0 error(s), 0 left on base; Huntington Beach 6 - Chesapeake 7
This league is powered by Out of the Park Baseball, the baseball management simulation game for PC, Mac and Linux
Saturday, July 25th, 2015 - OOTP Baseball 15.6 Build 34